 Dungeon Crawl Stone Soup version 0.28-a0-1506-g3893175d92 (webtiles) character file.

Game seed: 15886053645474528209

23 Sabo the Magician (level 2, -2/24 HPs)
             Began as a Troll Hedge Wizard on Jan 13, 2022.
             Slain by Natasha (5 damage)
             ... on level 2 of the Dungeon.
             The game lasted 00:07:43 (1398 turns).

Sabo the Magician (Troll Hedge Wizard)              Turns: 1398, Time: 00:07:45

Health: -2/24      AC:  4    Str: 17    XL:     2   Next: 72%
Magic:  4/4        EV:  9    Int: 10    God:
Gold:   37         SH:  0    Dex:  9    Spells: 5/6 levels left

rFire   . . .      SeeInvis .   f - +1 dagger (speed)
rCold   . . .      Faith    .   (no shield)
rNeg    . . .      Spirit   .   b - +0 robe
rPois   .          Reflect  .   c - +0 hat
rElec   .          Harm     .   (no cloak)
rCorr   .          Rampage  .   (gloves unavailable)
Will    .....                   (boots unavailable)
Stlth   +.........              (no amulet)
HPRegen 0.88/turn               a - +4 ring of slaying
MPRegen 0.09/turn               (no ring)

@: no status effects
A: large, unfitting armour, claws 3, regeneration 1, shaggy fur 1, tough skin 1
a: no special abilities


You were on level 2 of the Dungeon.
You visited 1 branch of the dungeon, and saw 2 of its levels.

You collected 37 gold pieces.

Inventory:

Hand Weapons
 f - a +1 dagger of speed (weapon)
Missiles
 g - 28 arrows
 i - 18 bolts
Armour
 b - a +0 robe (worn)
 c - a +0 hat (worn)
Jewellery
 a - a +4 ring of slaying (left claw)
Scrolls
 d - a scroll of vulnerability {unknown}
 e - a scroll of amnesia
Potions
 h - 2 potions of attraction {unknown}
 j - a potion of heal wounds {unknown}


   Skills:
 + Level 0.1 Short Blades
 + Level 1.6 Dodging
 + Level 1.1 Stealth
 + Level 2.5 Spellcasting
 + Level 0.6 Conjurations
 + Level 0.6 Summonings
 + Level 0.6 Translocations


You had 5 spell levels left.
You knew the following spells:

 Your Spells              Type           Power      Damage    Failure   Level
a - Magic Dart            Conj           8%         1d3       22%         1

Your spell library contained the following spells:

 Spells                   Type           Power      Damage    Failure   Level
 Slow                     Hex            4%         N/A       30%         1
 Blink                    Tloc           4%         N/A       34%         2
 Call Imp                 Summ           2%         N/A       34%         2
 Conjure Flame            Conj/Fire      1%         6-21      61%         3
 Mephitic Cloud           Conj/Pois/Air  1%         N/A       63%         3


Dungeon Overview and Level Annotations

Branches:
Dungeon (2/15)

Altars:

Annotations:
D:2 Natasha


Innate Abilities, Weirdness & Mutations

You are too large for most types of armour.
You have claws for hands.
Your natural rate of healing is unusually fast.
You are covered in fur. (AC +1)
You have tough skin. (AC +1)


Message History

Natasha, Servant of Life and Death comes into view.
Found 15 stones.
Natasha casts a spell at you. The magic dart hits you!
The frilled lizard hisses angrily.
Natasha mumbles some strange words.
Natasha mumbles some strange words.
The crimson imp blinks!
Natasha closely misses you. The shadow imp hits you.
The crimson imp blinks!
You hit the shadow imp.
The shadow imp is lightly wounded.
You hit the shadow imp.
The shadow imp is severely wounded.
Natasha claws you. The shadow imp closely misses you.
You hit the shadow imp.
You kill the shadow imp!
The shadow imp disappears in a puff of smoke!
The frilled lizard bites you. Natasha casts a spell at you.
The magic dart hits you.
The crimson imp summons a swarm of flies.
The crimson imp blinks!
The frilled lizard bites you.
* * * LOW HITPOINT WARNING * * *
Natasha closely misses you.
You miss Natasha. Your claw misses Natasha. The frilled lizard misses you.
You barely miss Natasha. Natasha claws you!
* * * LOW HITPOINT WARNING * * *
You hit Natasha.
Natasha is lightly wounded.
The frilled lizard closely misses you.
You closely miss Natasha.
Natasha is lightly wounded.
Natasha barely misses you.
The crimson imp blinks!
You completely miss Natasha.
Natasha is lightly wounded.
The frilled lizard barely misses you.
Natasha wildly gestures.
You feel disoriented. Natasha claws you.
You die...

###.######.##.######.#
........##.##.#### #.#
###...#..(....)..# #.#
.....###.##.##.# #.#
##...####.##.##.###.#
#........##........#
##.###########.#####
.# #####.### ##+##
#...h@l.# ##...##
#.##.ยง.5...#
##.....## #.......#
#.......## ........#
.........# .........#
.........+
............
.........#
#...........#
#.......##
#..........(#
##>....##


You could see Natasha, a crimson imp (summoned) and a frilled lizard.

Vanquished Creatures
  An adder (D:2)
  A dart slug (D:1)
  A goblin (D:1)
  5 kobolds
  3 ball pythons (D:1)
  A bat (D:1)
  2 rats (D:1)
14 creatures vanquished.

Vanquished Creatures (others)
  4 toadstools (D:1)
4 creatures vanquished.

Grand Total: 18 creatures vanquished

Notes
Turn   | Place    | Note
-------+----------+-------------------------------------------
     0 | D:1      | Sabo the Troll Hedge Wizard began the quest for the Orb.
     0 | D:1      | Reached XP level 1. HP: 16/16 MP: 2/2
   412 | D:1      | Reached XP level 2. HP: 24/24 MP: 2/4
  1383 | D:2      | Noticed Natasha
  1388 | D:2      | Noticed a crimson imp
  1395 | D:2      | HP: 1/24 [Natasha (7)]
  1398 | D:2      | Slain by Natasha

Illustrated notes

Levels and vault maps discovered:
D:1:      ldierk_walled_garden_2, layout_rooms, dk_noncrumbling_4
D:2:      layout_loops_corners, minmay_bisected, uniq_natasha

Action                   || total
-------------------------++-------
Melee: Dagger            ||    32
       Punch             ||     1
 Cast: Magic Dart        ||    22
  Use: Scroll            ||     1
Armor: Robe              ||     7
Dodge: Dodged            ||    13

Table legend: (Time is in decaauts)
 A = Elapsed time spent in this place.
 B = Non-inter-level travel time spent in this place.
 C = Inter-level travel time spent in this place.
 D = Time resting spent in this place.
 E = Time spent auto-exploring this place.
 F = Levels seen in this place.
 G = Mean time per level.
                   A        B        C        D        E       F      G
               +--------+--------+--------+--------+--------+-----+--------+
         Total |   1391 |   1391 |      0 |    322 |      0 |   2 |  695.5 |
       Dungeon |   1391 |   1391 |      0 |    322 |      0 |   2 |  695.5 |
               +--------+--------+--------+--------+--------+-----+--------+

Top non-repeatable levels by time:
     D:1: 1087 daAuts
     D:2: 304 daAuts
